 Dungeon Crawl Stone Soup version 0.19.0-23-gf02e663 (webtiles) character file.

120336 JeffiDaFish the Peltast (level 16, -3/103 HPs)
             Began as a Gargoyle Fighter on Nov 19, 2016.
             Was the Champion of Makhleb.
             Killed by drain life
             ... invoked by a soul eater
             ... summoned by an orc high priest
              (5 damage)
             ... on level 2 of the Orcish Mines on Nov 20, 2016.
             The game lasted 01:18:40 (21393 turns).

JeffiDaFish the Peltast (Gargoyle Fighter)         Turns: 21393, Time: 01:18:40

Health: -3/103     AC: 41    Str: 27    XL:     16   Next: 82%
Magic:  7/7        EV: 11    Int: 14    God:    Makhleb [******]
Gold:   1615       SH: 18    Dex: 15    Spells: 1 memorised, 16 levels left

rFire  + + .     SeeInvis +     D - +5 demon whip "Spellbinder" {antimagic, MR+}
rCold  . . .     Gourm    .     B - +0 plate armour
rNeg   + . .     Faith    +     c - +2 shield
rPois  ∞         Spirit   .     l - +2 helmet
rElec  +         Reflect  .     Q - +1 cloak of the Game of Kings {-Tele rF++ MR+++ Int+3}
rCorr  .         Harm     .     C - +2 pair of gloves
MR     +++++     NoTele   +     d - +1 pair of boots
Stlth  ..........               N - amulet of Quip {Faith rElec Dex+3}
                                G - ring of see invisible
                                h - +2 ring of protection

@: mighty, flying, very slightly contaminated, invisible
A: big wings, negative energy resistance 1, electricity resistance, unbreathing,
petrification resistance, rot immunity, AC +11
a: Stop Flying, Minor Destruction, Lesser Servant of Makhleb, Major Destruction,
Greater Servant of Makhleb, Renounce Religion


You were on level 2 of the Orcish Mines.
You worshipped Makhleb.
Makhleb was exalted by your worship.
You were not hungry.

You visited 4 branches of the dungeon, and saw 24 of its levels.
You also visited: Labyrinth.

You collected 2859 gold pieces.
You spent 1244 gold pieces at shops.

Inventory:

Hand Weapons
 D - the +5 demon whip "Spellbinder" (weapon) {antimagic, MR+}
   (You found it on level 6 of the Lair of Beasts)

   It reduces the magical energy of the wielder, and disrupts the spells and
   magical abilities of those hit.
   Natural abilities and divine invocations are not affected.
   It affects your resistance to hostile enchantments.
 J - the +1 eveningstar of Strategic Superiority {freeze, *Slow Str+6}
   (You found it in a labyrinth)

   It has been specially enchanted to freeze those struck by it, causing extra
   injury to most foes and up to half again as much damage against particularly
   susceptible opponents.
   It can also slow down cold-blooded creatures.
   It affects your strength (+6).
   It may slow you when you take damage.
Armour
 c - a +2 shield (worn)
 d - a +1 pair of boots (worn)
 l - a +2 helmet (worn)
 m - a +2 cloak
 B - a +0 plate armour (worn)
 C - a +2 pair of gloves (worn)
 Q - the +1 cloak of the Game of Kings (worn) {-Tele rF++ MR+++ Int+3}
   (You found it on level 15 of the Dungeon)

   It affects your intelligence (+3).
   It greatly protects you from fire.
   It affects your resistance to hostile enchantments.
   It prevents most forms of teleportation.
Jewellery
 h - a +2 ring of protection (left hand)
 G - a ring of see invisible (right hand)
 N - the amulet of Quip (around neck) {Faith rElec Dex+3}
   (You bought it in a shop on level 12 of the Dungeon)

   [amulet of faith]

   It allows you to gain divine favour quickly.
   It affects your dexterity (+3).
   It insulates you from electricity.
Wands
 O - a wand of slowing (29/48)
Scrolls
 a - 2 scrolls of enchant weapon
 j - 7 scrolls of identify
 o - 10 scrolls of remove curse
 u - 4 scrolls of magic mapping
 v - 8 scrolls of amnesia
 x - 4 scrolls of recharging
 y - 6 scrolls of teleportation
 z - 2 scrolls of fear
 A - a scroll of summoning
 E - 2 scrolls of fog
 L - 2 scrolls of blinking
Potions
 e - a potion of agility
 r - a potion of might
 s - a potion of ambrosia
 t - 4 potions of curing
 w - 3 potions of brilliance
 P - 2 potions of berserk rage
Books
 F - a book of Ice

   Spells                             Type                      Level
   a - Ice Form                       Ice/Transmutation            4
   b - Metabolic Englaciation         Hexes/Ice                    5
   c - Ozocubu's Refrigeration        Ice                          6
   d - Bolt of Cold                   Conjuration/Ice              6
   e - Freezing Cloud                 Conjuration/Ice/Air          6
   f - Simulacrum                     Ice/Necromancy               6
 I - a book of Beasts

   Spells                             Type                      Level
   a - Summon Butterflies             Summoning                    1
   b - Call Canine Familiar           Summoning                    3
   c - Summon Ice Beast               Ice/Summoning                4
   d - Summon Mana Viper              Hexes/Summoning              5
   e - Summon Hydra                   Summoning                    7
 K - a book of Changes

   Spells                             Type                      Level
   a - Beastly Appendage              Transmutation                1
   b - Sticks to Snakes               Transmutation                2
   c - Spider Form                    Transmutation/Poison         3
   d - Ice Form                       Ice/Transmutation            4
   e - Blade Hands                    Transmutation                5
 M - a book of Battle

   Spells                             Type                      Level
   a - Infusion                       Charms                       1
   b - Shroud of Golubria             Charms/Translocation         2
   c - Song of Slaying                Charms                       2
   d - Spectral Weapon                Hexes/Charms                 3
   e - Regeneration                   Charms/Necromancy            3
Comestibles
 b - 9 meat rations
 f - 13 bread rations
 g - a slice of pizza
 i - 8 chunks of flesh
 k - 9 beef jerkies
 q - 3 fruits
 H - a royal jelly


   Skills:
 * Level 12.7 Fighting
 * Level 16.3 Maces & Flails
 * Level 12.2 Armour
 - Level 5.0 Dodging
 - Level 2.1 Stealth
 * Level 17.4 Shields
 + Level 3.8 Spellcasting
 + Level 3.7 Conjurations
 + Level 4.0 Ice Magic
 - Level 0.2 Invocations


You had 16 spell levels left.
You knew the following spells:

 Your Spells              Type           Power        Failure   Level  Hunger
a - Bolt of Cold          Conj/Ice       ##........   100%        6    #######


Dungeon Overview and Level Annotations

Branches:
Dungeon (15/15)            Temple (1/1) D:7            Lair (6/6) D:9
  Swamp (0/4) Lair:3       Spider (0/4) Lair:4        Slime (0/5) Lair:5
    Orc (2/2) D:12            Elf (0/3) Orc:2        Vaults (0/5) D:14
 Depths (0/5) D:15

Altars:
Ashenzari
Cheibriados
Dithmenos
Elyvilon
Fedhas
Gozag
Kikubaaqudgha
Makhleb
Nemelex Xobeh
Qazlal
Sif Muna
Trog
Uskayaw
Vehumet
Xom
Yredelemnul
Zin
The Shining One
Beogh

Shops:
D:6 *   D:7 (   D:8 :   D:9 =*%!*   D:10 (   D:11 [   D:12 =   D:13 [
Orc:2 [(*

Portals:
Hell: Lair:6
Trove: D:10 (give +7 demon whip)

Annotations:
Lair:2 exclusion: ice statue
Lair:3 exclusion: oklob plant


Innate Abilities, Weirdness & Mutations

You are resistant to torment.
Your stone body is resilient. (AC +11)
You are immune to poison.
Your large and strong wings let you fly indefinitely.
You resist negative energy. (rN+)
You are resistant to electric shocks. (rElec)
You can survive without breathing.
You are immune to petrification.
You are immune to rotting.


Message History

The soul eater draws from the surrounding life force!
* * * LOW HITPOINT WARNING * * *
Some of the chunks of flesh in your inventory have rotted away.
Unknown command.
You hit the ufetubus.
The ufetubus is severely wounded.
The ufetubus hits you but does no damage.
You block the ufetubus's attack.
You closely miss the ufetubus.
The ufetubus is severely wounded.
You block the ufetubus's attack. The ufetubus closely misses you.
You whack the ufetubus!
You kill the ufetubus!
You block the ufetubus's attack.
The ufetubus hits you but does no damage.
You feel very mighty all of a sudden.
The orc high priest calls upon Beogh to heal the orc knight.
The orc knight is healed somewhat.
You block the orc knight's attack.
The soul eater draws from the surrounding life force!
You die...

##........#........#...
##....................
##............#......
###.................
#....#.............
##.................
#....#.............
##.................
##@................
##5#o#..............
#.o.................
##3o#.#..............
#O5.##...............
##.5##.#..............
#..3..................
##.5..................
##...................


You could see 2 orc knights, a soul eater, an orc high priest, a ynoxinul, an
ogre, a quasit, a shadow imp and 2 ufetubi.

Vanquished Creatures
  A caustic shrike zombie (D:15)
  An orc warlord (Orc:2)
  2 dire elephants (Lair:6)
  3 minotaurs
  An ettin (Orc:1)
  Josephine (D:13)
  11 hydras
  8 vault guards
  4 centaur warriors
  Erica (D:8)
  A catoblepas (D:15)
  10 death yaks
  6 orc high priests
  A sun demon (Lair:6)
  Nergalle (Lair:2)
  5 skeletal warriors (D:15)
  3 wizards
  4 hill giants
  4 orc knights
  A sphinx zombie (D:15)
  Pikel (D:6)
  3 deep elf magi
  8 ugly things
  4 orc sorcerers
  5 manticores
  3 cyclopes
  An iron dragon zombie (D:15)
  5 centaur zombies
  7 elephants
  7 black mambas
  A smoke demon (Lair:6)
  2 orange demons (Lair:6)
  3 gargoyles
  21 spiny frogs
  An efreet (D:13)
  4 rime drakes
  14 komodo dragons
  9 yaktaurs (D:11)
  A hellwing (Lair:6)
  2 ice devils (Lair:6)
  2 guardian mummies (D:10)
  A merfolk (D:10)
  13 trolls
  2 red devils (Lair:6)
  2 two-headed ogres
  A tengu conjurer (D:14)
  3 polar bears
  2 hornets
  11 slime creatures
  2 jumping spiders (Lair:4)
  4 blink frogs (Lair:2)
  A minotaur skeleton (Lab)
  10 hippogriffs
  8 redbacks
  5 wyverns
  A centaur simulacrum (D:14)
  66 yaks
  7 wraiths
  The ghost of Mordru the Sneak, an amateur SpAE (D:4)
  A hog (shapeshifter) (D:14)
  3 basilisks
  Grum (D:8)
  2 steam dragons
  8 wargs
  A mottled dragon (D:11)
  Edmund (D:5)
  8 water moccasins
  7 porcupines
  3 hell hounds (Lair:6)
  A tengu skeleton (D:15)
  Duvessa (D:5)
  2 eyes of draining
  29 orc warriors
  A swamp drake (Lair:3)
  11 ice beasts
  6 sky beasts
  14 wolves
  A black bear (D:9)
  A necrophage (D:8)
  4 phantoms
  11 ogres
  8 crocodiles
  19 centaurs
  Blork the orc (Orc:2)
  2 big kobolds
  17 bullfrogs
  A wyvern zombie (D:8)
  2 gnoll sergeants
  Dowan (D:5)
  2 scorpions
  52 killer bees
  6 electric eels
  9 howler monkeys
  9 crimson imps
  A quasit (D:5)
  3 hounds
  2 bullfrog zombies
  8 orc priests
  Crazy Yiuf (D:4)
  3 bullfrog skeletons
  4 centaur skeletons
  2 jellies (D:10)
  14 orc wizards
  7 iguanas
  12 worker ants
  6 hell rats (Lair:4)
  A killer bee zombie (D:7)
  2 hound skeletons
  2 worker ant zombies
  13 gnolls
  7 adders
  5 shadow imps
  3 white imps (Lair:2)
  2 oozes
  An adder skeleton (D:7)
  2 worms
  10 dart slugs
  5 leopard geckos
  77 orcs
  5 bats
  5 giant cockroaches
  8 goblins
  6 hobgoblins
  4 jackals
  4 quokkas
  5 frilled lizards
  A goblin zombie (D:8)
  19 kobolds
  A leopard gecko skeleton (D:5)
  2 quokka skeletons
  2 quokka zombies
  10 rats
  A plant (D:9)
825 creatures vanquished.

Vanquished Creatures (collateral kills)
  A necromancer (D:15)
  2 orc warriors (Orc:2)
3 creatures vanquished.

Vanquished Creatures (others)
  A vampire mage (D:15)
  An orc warrior (D:15)
  A wolf (D:8)
  A centaur (D:11)
  An adder (D:7)
  A gnoll (D:11)
  A dart slug (D:7)
  3 orcs
  7 fungi
  2 plants
19 creatures vanquished.

Grand Total: 847 creatures vanquished

Notes
Turn   | Place    | Note
-------+----------+-------------------------------------------
     0 | D:1      | JeffiDaFish the Gargoyle Fighter began the quest for the Orb.
     0 | D:1      | Reached XP level 1. HP: 14/14 MP: 1/1
    90 | D:1      | Reached XP level 2. HP: 18/19 MP: 2/2
   405 | D:1      | Reached XP level 3. HP: 23/23 MP: 3/3
   694 | D:2      | Found a faded altar of an unknown god.
   897 | D:2      | Found a shadowy altar of Dithmenos.
  1293 | D:2      | Reached XP level 4. HP: 29/29 MP: 4/4
  1600 | D:3      | Gained mutation: Your muscles are strong. (Str +2) [potion of mutation]
  1600 | D:3      | Gained mutation: You expend magic power (3 MP) to strengthen your wands. [potion of mutation]
  1600 | D:3      | Gained mutation: Your flesh is cold resistant. (rC+) [potion of mutation]
  1699 | D:3      | Reached skill level 4 in Shields
  2138 | D:3      | Reached XP level 5. HP: 31/33 MP: 5/5
  2350 | D:4      | Noticed a phantom
  2368 | D:4      | Killed a phantom
  2368 | D:4      | Reached skill level 1 in Dodging
  2392 | D:4      | Reached XP level 6. HP: 31/38 MP: 6/6
  2639 | D:4      | Noticed Mordru's ghost (amateur SpAE)
  2680 | D:4      | Killed Mordru's ghost
  2680 | D:4      | Reached skill level 5 in Shields
  2680 | D:4      | Reached XP level 7. HP: 31/44 MP: 7/7
  2765 | D:4      | Found a runed door.
  2769 | D:4      | Noticed Crazy Yiuf
  2779 | D:4      | Killed Crazy Yiuf
  2839 | D:4      | Reached skill level 5 in Maces & Flails
  3166 | D:5      | Entered Level 5 of the Dungeon
  3166 | D:5      | Noticed Edmund
  3181 | D:5      | Killed Edmund
  3191 | D:5      | Reached skill level 5 in Armour
  3191 | D:5      | Reached skill level 1 in Stealth
  3191 | D:5      | Reached skill level 6 in Shields
  3191 | D:5      | Reached XP level 8. HP: 35/48 MP: 8/8
  3338 | D:5      | Noticed Dowan
  3339 | D:5      | Noticed Duvessa
  3350 | D:5      | Killed Duvessa
  3376 | D:5      | Killed Dowan
  3685 | D:6      | Reached skill level 7 in Shields
  3729 | D:6      | Found a blossoming altar of Fedhas.
  3783 | D:6      | Reached skill level 5 in Fighting
  3900 | D:6      | Found Teydan Naosu's General Store.
  3984 | D:6      | Reached XP level 9. HP: 54/54 MP: 9/9
  4107 | D:6      | Noticed Pikel
  4126 | D:6      | Killed Pikel
  4126 | D:6      | Reached skill level 8 in Shields
  4497 | D:7      | Found a staircase to the Ecumenical Temple.
  4512 | Temple   | Entered the Ecumenical Temple
  4548 | Temple   | Became a worshipper of Makhleb the Destroyer
  5125 | D:7      | Found Jajalois's Weapon Shoppe.
  5505 | D:8      | Reached XP level 10. HP: 59/60 MP: 10/10
  5542 | D:8      | Found Juocolao's Book Emporium.
  5594 | D:8      | Reached * piety under Makhleb
  5594 | D:8      | Reached skill level 9 in Shields
  5745 | D:8      | Noticed Grum
  5753 | D:8      | Noticed Erica
  5771 | D:8      | Killed Grum
  5988 | D:8      | Reached skill level 10 in Maces & Flails
  6086 | D:8      | Killed Erica
  6124 | D:8      | Reached ** piety under Makhleb
  6267 | D:8      | Reached skill level 10 in Shields
  6499 | D:9      | Found Tuypt's Assorted Antiques.
  6507 | D:9      | Bought a scroll of enchant weapon for 157 gold pieces
  6513 | D:9      | Found Osaomuph's Jewellery Emporium.
  6563 | D:9      | Found Tuewol's Distillery.
  6565 | D:9      | Found Kecsim's Food Shop.
  6698 | D:9      | Found Umeomn's General Store.
  6845 | D:9      | Found a staircase to the Lair.
  6879 | D:9      | Reached XP level 11. HP: 56/66 MP: 11/11
  6898 | Lair:1   | Entered Level 1 of the Lair of Beasts
  6907 | Lair:1   | Noticed an eight-headed hydra
  6915 | Lair:1   | Killed an eight-headed hydra
  7176 | Lair:1   | Reached *** piety under Makhleb
  7234 | Lair:1   | Reached skill level 11 in Shields
  7742 | Lair:1   | Reached **** piety under Makhleb
  8173 | Lair:1   | Reached skill level 12 in Shields
  8534 | Lair:2   | Reached XP level 12. HP: 72/72 MP: 12/12
  8603 | Lair:2   | Noticed Nergalle
  8631 | Lair:2   | Killed Nergalle
  9757 | Lair:3   | Noticed a five-headed hydra
  9772 | Lair:3   | Killed a five-headed hydra
  9772 | Lair:3   | Reached skill level 13 in Shields
  9809 | Lair:3   | Found a staircase to the Swamp.
 10102 | Lair:4   | Found a hole to the Spider Nest.
 10201 | Lair:4   | Reached XP level 13. HP: 49/79 MP: 13/13
 10209 | Lair:4   | Reached ***** piety under Makhleb
 10451 | Lair:4   | Reached skill level 14 in Shields
 11586 | Lair:5   | Found a staircase to the Slime Pits.
 11624 | Lair:5   | Found a labyrinth entrance.
 11659 | Lab      | Entered a labyrinth
 11958 | Lab      | Noticed a minotaur
 11975 | Lab      | Killed a minotaur
 11982 | Lab      | Got an encrusted eveningstar
 11986 | Lair:5   | Identified the +1 eveningstar of Strategic Superiority {freeze, *Slow Str+6} (You found it in a labyrinth)
 11988 | Lair:5   | Identified a +5 rod of shadows (14/14) (You found it in a labyrinth)
 12545 | Lair:6   | Entered Level 6 of the Lair of Beasts
 12638 | Lair:6   | Reached skill level 15 in Shields
 12792 | Lair:6   | Gained mutation: Your large and strong wings let you fly indefinitely. [Gargoyle growth]
 12792 | Lair:6   | Reached XP level 14. HP: 86/86 MP: 14/14
 13093 | Lair:6   | Reached ****** piety under Makhleb
 13325 | Lair:6   | Reached skill level 10 in Armour
 13329 | Lair:6   | Noticed a dire elephant
 13346 | Lair:6   | Killed a dire elephant
 13346 | Lair:6   | Reached skill level 10 in Fighting
 13373 | Lair:6   | Noticed a dire elephant
 13379 | Lair:6   | Killed a dire elephant
 13419 | Lair:6   | Found a burning altar of Makhleb.
 13506 | Lair:6   | Found a gateway to Hell.
 13867 | D:10     | Entered Level 10 of the Dungeon
 14069 | D:10     | Found Cack's Weapon Emporium.
 14403 | D:10     | Got a warped tin ring
 14405 | D:10     | Identified the ring "Fumifoebri" {Fire rN+ MR+ Dex-2 SInv} (You found it on level 10 of the Dungeon)
 14471 | D:10     | Found a portal to a secret trove of treasure.
 15179 | D:11     | Reached skill level 15 in Maces & Flails
 15187 | D:11     | Reached skill level 16 in Shields
 15203 | D:11     | Reached skill level 5 in Dodging
 15704 | D:11     | Reached XP level 15. HP: 62/93 MP: 5/15
 15815 | D:11     | Got a fine rapier
 15816 | D:11     | Identified the +11 rapier "Jellybane" {pain, rF- rN+ Str+3 Int+4} (You found it on level 11 of the Dungeon)
 15999 | D:11     | Found Gutis's Antique Armour Emporium.
 16013 | D:11     | Bought a pair of runed boots for 304 gold pieces
 16776 | D:12     | Found a staircase to the Orcish Mines.
 16790 | D:12     | Found a roughly hewn altar of Beogh.
 16838 | D:12     | Learned a level 6 spell: Bolt of Cold
 17007 | D:12     | Found Jeodar's Jewellery Boutique.
 17015 | D:12     | Bought the amulet of Quip {Faith rElec Dex+3} for 783 gold pieces
 17098 | D:13     | Noticed Josephine
 17143 | D:13     | Killed Josephine
 17148 | D:13     | Reached skill level 1 in Spellcasting
 17295 | D:13     | Reached skill level 1 in Ice Magic
 17339 | D:13     | Reached skill level 1 in Conjurations
 17370 | D:13     | Found Hitoxt's Armour Shop.
 17695 | D:13     | Found a snail-covered altar of Cheibriados.
 18365 | D:14     | Found a gate to the Vaults.
 18386 | D:14     | Reached XP level 16. HP: 101/101 MP: 6/19
 18460 | D:14     | Reached skill level 17 in Shields
 18613 | D:14     | Found a blossoming altar of Fedhas.
 18836 | D:15     | Entered Level 15 of the Dungeon
 18927 | D:15     | Lost mutation: Your muscles are strong. (Str +2) [potion of cure mutation]
 18927 | D:15     | Lost mutation: You expend magic power (3 MP) to strengthen your wands. [potion of cure mutation]
 18927 | D:15     | Lost mutation: Your flesh is cold resistant. (rC+) [potion of cure mutation]
 19142 | D:15     | Found a staircase to the Depths.
 19453 | D:15     | Identified the +1 cloak of the Game of Kings {-Tele rF++ MR+++ Int+3} (You found it on level 15 of the Dungeon)
 20080 | Orc:1    | Entered Level 1 of the Orcish Mines
 20631 | Orc:2    | Entered Level 2 of the Orcish Mines
 20633 | Orc:2    | Found a staircase to the Elven Halls.
 20750 | Orc:2    | Found Dokhla's Antique Weapon Shoppe.
 20918 | Orc:2    | Found Ovuakkit's General Store.
 21098 | Orc:2    | Found Looko's Antique Armour Boutique.
 21201 | Orc:2    | Noticed Blork the orc
 21232 | Orc:2    | Killed Blork the orc
 21387 | Orc:2    | HP: 4/103 [orc high priest/divine providence (7)]
 21388 | Orc:2    | HP: 1/103 [soul eater/drain life[an orc high priest] (3)]
 21393 | Orc:2    | Killed from afar by a soul eater

Skill      XL: |  1  2  3  4  5  6  7  8  9 10 11 12 13 14 15 16 |
---------------+-------------------------------------------------+-----
Fighting       | 4 5 6 7 8 9 10 11 12 | 12.7
Maces & Flails | 3 4 5 7 9 10 11 12 13 15 16 | 16.3
Shields        | 4 5 6 7 8 10 12 13 15 16 17 | 17.4
Armour         | 4 5 6 7 8 9 10 11 12 | 12.2
Dodging        | 1 2 3 4 5 |  5.0
Stealth        | 1 2 |  2.1
Spellcasting   | 2 3 |  3.8
Ice Magic      | 2 4 |  4.0
Conjurations   | 2 3 |  3.7
Invocations    | |  0.2

Action                   |  1- 3 |  4- 6 |  7- 9 | 10-12 | 13-15 | 16-18 || total
-------------------------+-------+-------+-------+-------+-------+-------++-------
Melee: Flail             |   149 |   168 |   400 |  1255 |   378 |       ||  2350
       Eveningstar       |       |       |       |       |   321 |       ||   321
       Demon whip        |       |       |       |       |  1117 |   894 ||  2011
Invok: Minor Destruction |       |       |       |     1 |       |       ||     1
 Abil: Fly               |       |       |       |       |     1 |       ||     1
  Use: Scroll            |     8 |     3 |     6 |     9 |    11 |     1 ||    38
       Potion            |     5 |     2 |     3 |     8 |     1 |     7 ||    26
  Eat: Chunk             |     2 |     4 |    10 |    12 |    26 |    11 ||    65
       Fruit             |       |       |       |     1 |     3 |       ||     4
       Bread ration      |       |       |       |     1 |       |       ||     1
Armor: Scale mail        |    76 |    94 |     2 |       |       |       ||   172
       Chain mail        |       |       |   234 |   967 |       |       ||  1201
       Plate armour      |       |       |       |   176 |   787 |   303 ||  1266
Dodge: Dodged            |    47 |    49 |   101 |   817 |   447 |   170 ||  1631
Block: Shield            |    82 |    97 |   254 |  1441 |  1306 |   589 ||  3769
